cohdb
Replays
Latest Replays
All Replays
Popular Replays
Top Player Replays
Match Explorer
How It Works
Community
CoH3 Stats
Reddit
Sign in to upload your games and track your stats! →
Sign in with Steam
Match 40414273
Unlisted
Match 40414273
Overview
Messages
Build Orders
End
Selects Armored Battlegroup
Selects Assault Engineers
Assault Engineer Squad
Construct Weapon Support Center
Assault Engineer Squad
Assault Engineer Squad
Air Support Center
Construct Medical Station
.30 cal Machine Gun
M3 Armored Personnel Carrier
M3 Armored Personnel Carrier
Assault Engineer Squad
M3 Armored Personnel Carrier
=LK=VLADIMIR_PUTIN (Пупкин)
N0.1
Dorodny Miłosz
Hubcik タップ日
Zoikum
Sir Steffen
captain kes
Thrusher
0
0
Comments
sign in to comment!
No comments posted yet!